 Dungeon Crawl Stone Soup version 0.17.1-1-g73c8601 (webtiles) character file.

105 Mysteryquy the Sneak (level 5, 0/30 HPs)
             Began as a Kobold Assassin on Jan 5, 2016.
             Slain by a goblin
             ... wielding a +0 dagger
              (2 damage)
             ... on level 3 of the Dungeon.
             The game lasted 00:04:52 (2787 turns).

Mysteryquy the Sneak (Kobold Assassin)              Turns: 2787, Time: 00:04:53

Health: 0/30       AC:  5    Str:  9    XL:     5   Next: 8%
Magic:  5/5        EV: 16    Int:  9    God:
Gold:   63         SH:  0    Dex: 19    Spells: 0 memorised, 4 levels left

rFire  . . .     SeeInvis .     a - +2 dagger
rCold  . . .     Clarity  .     c - +0 robe
rNeg   . . .     SustAt   .     (shield restricted)
rPois  .         Gourm    .     k - +0 helmet
rElec  .         Spirit   .     d - +0 cloak
rCorr  .         Warding  .     y - +0 pair of gloves
rMut   .         Stasis   .     (no boots)
MR     .....                    (no amulet)
Stlth  ++++......               (no ring)
                                (no ring)

@: lethally poisoned (0 -> -6), not resistant to hostile enchantments, stealthy
A: carnivore 3
a: no special abilities


You were on level 3 of the Dungeon.
You were not hungry.

You visited 1 branch of the dungeon, and saw 3 of its levels.

You collected 63 gold pieces.

Inventory:

Hand Weapons
 a - a +2 dagger (weapon)
 b - a +0 blowgun
Missiles
 e - 19 poisoned needles
 f - 2 curare-tipped needles
Armour
 c - a +0 robe (worn)
 d - a +0 cloak (worn)
 k - a +0 helmet (worn)
 y - a +0 pair of gloves (worn)
Jewellery
 n - an uncursed amulet of rage {unknown}
 o - an uncursed ring of magical power {unknown}
Scrolls
 i - a scroll of remove curse {unknown}
 j - 3 scrolls of identify {unknown}
 m - 2 scrolls of fear {unknown}
 r - a scroll of noise {unknown}
 s - a scroll of teleportation {unknown}
Potions
 h - a potion of curing {unknown}
 l - 3 potions of agility {unknown}
 p - a potion of brilliance {unknown}
 q - a potion of flight {unknown}
 t - a potion of lignification {unknown}
 u - 2 potions of resistance {unknown}
 v - a potion of magic {unknown}
 x - a potion of berserk rage {unknown}
Comestibles
 g - a meat ration
 w - a beef jerky


   Skills:
 - Level 2.1 Fighting
 * Level 4.5 Short Blades
 - Level 2.1 Throwing
 + Level 2.8 Dodging
 * Level 6.5 Stealth


You had 4 spell levels left.
You didn't know any spells.

Dungeon Overview and Level Annotations

Branches:
Dungeon (3/15)

Altars:
Kikubaaqudgha


Innate Abilities, Weirdness & Mutations

You are small and have problems with some larger weapons.
You are carnivorous and can eat meat at any time.


Message History

The adder poisons you! The goblin closely misses you.
You miss the adder.
The adder is almost dead.
* * * LOW HITPOINT WARNING * * *
You feel sick. The adder bites you.
* * * LOW HITPOINT WARNING * * *
The goblin hits you with a dagger.
* * * LOW HITPOINT WARNING * * *
The goblin closely misses you.
You barely miss the adder.
The adder is almost dead.
The adder bites you but does no damage. The goblin hits you but does no damage.
The goblin closely misses you.
You hit the adder.
You kill the adder!
You have reached level 5!
You feel agile.
* * * LOW HITPOINT WARNING * * *
You feel sick. The goblin hits you with a dagger.
You die...

###### ##...## #.....##
(.....## #.>....##
......)#######...P.PP
.......#.. ....P.... .
....<..#.# #.....# ..#
..)...##.# ##...###...#
.....## .# #P..gg......
.#.### .# ##...@.....P.
)#.# ###.# #..##.._..##.
.#.###...# #..#.......#
.#.##..### #..#########
......######.........
.#...........##.##.## #
##..#######......#.###.#
.<.## ####.........#
....### ####........##


You could see 2 goblins.

Vanquished Creatures
  4 adders
  An ooze (D:2)
  2 worms (D:2)
  2 giant geckos
  An orc (D:3)
  A ball python (D:3)
  5 giant cockroaches
  2 goblins
  7 hobgoblins
  6 kobolds
  7 bats
  2 giant newts
  8 jackals
  4 rats
52 creatures vanquished.

Notes
Turn   | Place    | Note
--------------------------------------------------------------
     0 | D:1      | Mysteryquy the Kobold Assassin began the quest for the Orb.
     0 | D:1      | Reached XP level 1. HP: 12/12 MP: 1/1
   119 | D:1      | Reached XP level 2. HP: 12/17 MP: 2/2
  1205 | D:2      | Reached XP level 3. HP: 18/21 MP: 3/3
  1248 | D:2      | Reached skill level 6 in Stealth
  1749 | D:2      | Reached XP level 4. HP: 26/26 MP: 4/4
  2761 | D:3      | Found an ancient bone altar of Kikubaaqudgha.
  2787 | D:3      | Reached XP level 5. HP: 3/30 MP: 5/5
  2787 | D:3      | Slain by a goblin

Action                   |  1- 3 |  4- 6 || total
-------------------------+-------+-------++-------
Melee: Dagger            |   112 |    90 ||   202
 Stab: Sleeping          |     6 |     8 ||    14
  Eat: Chunk             |     3 |     3 ||     6
